 Dungeon Crawl Stone Soup version 0.31-a0-675-g238779eb0a (webtiles) character file.

Game seed: 17407732025195866520

11 Gargoyl the Trooper (level 2, -2/19 HPs)
             Began as a Gargoyle Berserker on Sept 5, 2023.
             Was a Follower of Trog.
             Killed from afar by Sigmund (7 damage)
             ... with a magic dart
             ... on level 2 of the Dungeon.
             The game lasted 00:00:44 (810 turns).

Gargoyl the Trooper (Gargoyle Berserker)             Turns: 810, Time: 00:00:45

Health: -2/19      AC:  5    Str: 20    XL:     2   Next: 29%
Magic:  2/2        EV: 12    Int:  7    God:    Trog [*.....]
Gold:   57         SH:  0    Dex:  9    Spells: 1/1 levels left

rFire   . . .        a - +1 hand axe
rCold   . . .        (no shield)
rNeg    + . .        b - +0 animal skin
rPois   ∞            (no helmet)
rElec   +            (no cloak)
rCorr   .            (no gloves)
SInv    .            (no boots)
Will    .....        (no amulet)
Stlth   +            (no ring)
HPRegen 0.23/turn    (no ring)
MPRegen 0.08/turn

%: no passive effects
@: on berserk cooldown, slowed, very slow
A: sickness immunity, AC +2, negative energy resistance 1, electricity
resistance, torment resistance 1, petrification resistance
a: Renounce Religion, Berserk


You were on level 2 of the Dungeon.
You worshipped Trog.
Trog was aware of your devotion.
You visited 1 branch of the dungeon, and saw 2 of its levels.

You collected 57 gold pieces.

Inventory:

Hand Weapons
 a - a +1 hand axe (weapon)
Armour
 b - a +0 animal skin (worn)
Potions
 c - 2 potions of curing {unknown}
 e - a potion of lignification {unknown}


   Skills:
 + Level 3.5 Fighting
 + Level 3.0 Axes
 + Level 2.2 Armour
 + Level 1.7 Dodging


You had one spell level left.
You didn't know any spells.
Your spell library was empty.

Dungeon Overview and Level Annotations

Branches:
Dungeon (2/15)

Altars:

Shops:
D:1 =

Annotations:
D:2 Sigmund


Innate Abilities, Weirdness & Mutations

You are immune to sickness and miasma.
Your stone body is resilient. (AC +2)
You are immune to poison.
You resist negative energy. (rN+)
You are resistant to electric shocks. (rElec)
You are resistant to unholy torment.
You are immune to petrification.


Message History

Done exploring.
Done exploring.
Done exploring.
Done exploring.
What level of the Dungeon? (default 1, ? - help)
There is a stone staircase leading down here.
You climb downwards.
There is a stone staircase leading up here.
As you read the scroll labelled QOSTATW ESOS, it crumbles to dust.
It is a scroll of enchant weapon.
Your +0 hand axe glows red for a moment.
As you read the scroll labelled NAYCUI TIWOKI, it crumbles to dust.
You feel strangely unstable.
It was a scroll of teleportation.
Your surroundings suddenly seem different.
Sigmund and a frilled lizard come into view.
Found four items.
Sigmund shouts!
The frilled lizard hisses angrily.
Sigmund hits you from afar with a +4 scythe.
There are monsters nearby!
There are monsters nearby!
A red film seems to cover your vision as you go berserk!
You feel yourself moving faster!
You feel mighty!
You feel a strong urge to attack something.
Sigmund barely misses you.
The frilled lizard unfolds its giant frill.
You feel your anger nearly subside.
You closely miss Sigmund.
You are no longer berserk.
You are exhausted.
You feel yourself slow down. Sigmund hits you with a +4 scythe!
Ouch! That really hurt!
* * * LOW HITPOINT WARNING * * *
You hit Sigmund.
Sigmund is lightly wounded.
You hit the frilled lizard. The frilled lizard bites you.
* * * LOW HITPOINT WARNING * * *
Sigmund points at you and mumbles some strange words.
The magic dart hits you!
You die...
Sigmund begins carving another notch in his scythe.

##8.8##
##.....##
##8.....8##
##.........##
#8....$....8#
+....!=.....+
#8.....l...8#
#...(.@...#
##8....@8##
##.....##
##8.8## ##+##


You could see Sigmund and a frilled lizard.

Vanquished Creatures
  2 bats (D:1)
  2 endoplasms (D:1)
  3 hobgoblins (D:1)
  2 ball pythons (D:1)
  A frilled lizard (D:1)
10 creatures vanquished.

Notes
Turn   | Place    | Note
-------+----------+-------------------------------------------
     0 | D:1      | Gargoyl the Gargoyle Berserker began the quest for the Orb.
     0 | D:1      | Reached XP level 1. HP: 14/14 MP: 1/1
   334 | D:1      | Reached XP level 2. HP: 9/19 MP: 2/2
   460 | D:1      | Found Kiomuf's Jewellery Emporium.
   804 | D:2      | Noticed Sigmund
   810 | D:2      | Killed from afar by Sigmund

Illustrated notes

Levels and vault maps discovered:
D:1:      scummos_arrival_forest, layout_basic, serial_shops, shop
D:2:      layout_loops_cross, dk_noncrumbling_4, uniq_sigmund

Skill      XL: |  1  2 |
---------------+-------+-----
Axes           | 3 |  3.0
Fighting       | |  3.5
Armour         | |  2.2
Dodging        | |  1.7

Action                     || total
---------------------------++-------
  Melee: Hand axe          ||    30
 Invoke: Berserk           ||     1
    Use: Scroll            ||     3
 Armour: Animal skin       ||    23
  Dodge: Dodged            ||    24

Table legend: (Time is in decaauts)
 A = Elapsed time spent in this place.
 B = Non-inter-level travel time spent in this place.
 C = Inter-level travel time spent in this place.
 D = Time resting spent in this place.
 E = Time spent auto-exploring this place.
 F = Levels seen in this place.
 G = Mean time per level.
                   A        B        C        D        E       F      G
               +--------+--------+--------+--------+--------+-----+--------+
         Total |    812 |    771 |     41 |      0 |    659 |   2 |  406.0 |
       Dungeon |    812 |    771 |     41 |      0 |    659 |   2 |  406.0 |
               +--------+--------+--------+--------+--------+-----+--------+

Top non-repeatable levels by time:
     D:1: 803 daAuts
     D:2: 9 daAuts
